 Dungeon Crawl Stone Soup version 0.27.1-2-g3b301248ec (webtiles) character file.

Game seed: 9227580448790631842

1853 Descartes the Ruffian (level 8, -7/65 (68) HPs)
             Began as a Troll Transmuter on Oct 5, 2021.
             Mangled by an ice beast (14 damage)
             ... on level 6 of the Dungeon.
             The game lasted 00:10:27 (4815 turns).

Descartes the Ruffian (Troll Transmuter)            Turns: 4815, Time: 00:10:28

HP:   -7/65 (68)    AC:  9    Str: 20    XL:     8   Next: 89%
MP:   11/11         EV: 10    Int: 10    God:
Gold: 133           SH:  0    Dex: 10    Spells: 8/12 levels left

rFire    . . .     SeeInvis .     - Unarmed
rCold    . . .     Faith    .   (no shield)
rNeg     . . .     Spirit   .   C - +0 acid dragon scales
rPois    .         Reflect  .   (helmet restricted)
rElec    .         Harm     .   j - +0 cloak
rCorr    +         Rampage  .   (gloves unavailable)
Will     .....                  (boots unavailable)
Stlth    +.........             (no amulet)
HPRegen  1.20/turn              o - ring of wizardry
MPRegen  0.12/turn              (no ring)

@: lightly drained
A: large, unfitting armour, claws 3, regeneration 1, shaggy fur 1, tough skin 1
a: no special abilities


You were on level 6 of the Dungeon.
You visited 2 branches of the dungeon, and saw 7 of its levels.

You collected 295 gold pieces.
You spent 162 gold pieces at shops.

Inventory:

Hand Weapons
 s - a +0 giant spiked club
 x - the +6 spear "Unix" {vorpal, rElec rPois}
   (You found it on level 5 of the Dungeon)

   It inflicts extra damage upon your enemies.
   rElec:     It insulates you from electricity.
   rPois:     It protects you from poison.
 B - a +0 broad axe of draining
 D - a +0 battleaxe
Missiles
 b - 100 stones
 r - 5 boomerangs
Armour
 j - a +0 cloak (worn)
 C - +0 acid dragon scales (worn)
Jewellery
 a - an amulet of the acrobat
 o - a ring of wizardry (left claw)
Wands
 q - a wand of paralysis (10)
 y - a wand of polymorph (4)
 A - a wand of flame (17)
Scrolls
 d - 2 scrolls of teleportation
 e - a scroll of vulnerability
 f - 3 scrolls of fear
 k - 3 scrolls of enchant armour
 l - 3 scrolls of immolation
 v - a scroll of enchant weapon
 w - 2 scrolls of silence
Potions
 c - a potion of might {unknown}
 h - 2 potions of curing
 i - 2 potions of invisibility {unknown}
 m - 3 potions of haste {unknown}
 n - a potion of magic {unknown}
 p - 3 potions of heal wounds {unknown}
 t - a potion of cancellation {unknown}
 u - a potion of lignification {unknown}
 z - 2 potions of brilliance {unknown}


   Skills:
 - Level 0.7 Fighting
 + Level 3.1 Armour
 + Level 3.8 Dodging
 + Level 7.3 Unarmed Combat
 + Level 2.9 Spellcasting
 + Level 3.4 Transmutations
 + Level 2.8 Evocations


You had 8 spell levels left.
You knew the following spells:

 Your Spells              Type           Power      Damage    Failure   Level
a - Beastly Appendage     Tmut           16%        N/A       3%          1
b - Wereblood             Tmut           8%         N/A       6%          2
c - Apportation           Tloc           2%         N/A       16%         1

Your spell library contained the following spells:

 Spells                   Type           Power      Damage    Failure   Level
 Animate Skeleton         Necr           2%         N/A       16%         1
 Corona                   Hex            1%         N/A       16%         1
 Summon Small Mammal      Summ           4%         N/A       16%         1
 Spider Form              Tmut/Pois      2%         N/A       21%         3
 Slow                     Hex            1%         N/A       22%         2
 Call Canine Familiar     Summ           1%         N/A       38%         3
 Confusing Touch          Hex            1%         N/A       38%         3
 Summon Guardian Golem    Hex/Summ       1%         N/A       38%         3
 Ice Form                 Ice/Tmut       4%         N/A       54%         4
 Yara's Violent Unravell  Hex/Tmut       2%         3d3       86%         5


Dungeon Overview and Level Annotations

Branches:
Dungeon (6/15)             Temple (1/1) D:4

Altars:
Cheibriados
Elyvilon
Fedhas
Gozag
Hepliaklqana
Kikubaaqudgha
Makhleb
Nemelex Xobeh
Okawaru
Qazlal
Ru
Sif Muna
Uskayaw
Vehumet
Wu Jian
Xom
Yredelemnul
Zin
The Shining One
Beogh

Shops:
D:1 [!   D:4 *(

Annotations:
D:6 Prince Ribbit


Innate Abilities, Weirdness & Mutations

You are too large for most types of armour.
You have claws for hands.
Your natural rate of healing is unusually fast.
You are covered in fur. (AC +1)
You have tough skin. (AC +1)


Message History

Prince Ribbit comes into view.
You claw the plant!
The plant begins to die.
The plant is lightly damaged.
An ice beast comes into view.
The ice beast moves out of view.
Prince Ribbit lets out a mournful croak.
A nearby plant withers and dies.
Prince Ribbit blinks!
You scratch the ice beast but do no damage.
The ice beast hits you. The ice beast freezes you!
Prince Ribbit hits you but does no damage.
You barely miss the ice beast. Prince Ribbit hits you! The ice beast hits you.
The ice beast freezes you!
You closely miss the ice beast.
Prince Ribbit hits you but does no damage.
The ice beast hits you but does no damage.
You scratch the ice beast.
The ice beast is lightly wounded.
Prince Ribbit hits you but does no damage.
The ice beast barely misses you.
You closely miss the ice beast.
The ice beast is lightly wounded.
Prince Ribbit hits you! x2
* * * LOW HITPOINT WARNING * * *
You claw the ice beast!
The ice beast is severely wounded.
The ice beast hits you but does no damage.
Prince Ribbit barely misses you.
You barely miss the ice beast.
The ice beast is severely wounded.
The ice beast hits you but does no damage.
Prince Ribbit completely misses you.
You closely miss the ice beast.
The ice beast is severely wounded.
Prince Ribbit croaks regally.
Prince Ribbit hits you!
* * * LOW HITPOINT WARNING * * *
The ice beast hits you.
* * * LOW HITPOINT WARNING * * *
The ice beast freezes you!
You die...

..#####...).....
..#...F.P...... ....
.♣≈≈≈.. #..##.≈≈P.
... #..#≈≈≈# .....
#...#≈P#####.....
##....#..#.......
#..#.............
#@.#.............
#..FY.###...........
###..## #...........
##.. #...<.......
...$.............
.................
..................
....#........)....
$.##............


You could see Prince Ribbit and an ice beast.

Vanquished Creatures
  Maggie (D:5)
  Sigmund (D:3)
  A black bear (D:5)
  3 ogres
  The ghost of larifari the Sneak, an amateur KoDe (D:5)
  A phantom (D:4)
  A scorpion (D:5)
  2 wyvern zombies (D:5)
  2 wights (D:5)
  A centaur zombie (D:5)
  2 bullfrog zombies (D:5)
  2 hounds
  2 jellies
  2 centaur skeletons
  An orc priest (D:5)
  Natasha (thrice) (D:2)
  An iguana (D:4)
  Terence (D:3)
  An orc wizard (D:4)
  A hound zombie (D:5)
  A hound skeleton (D:4)
  5 gnolls (D:3)
  4 adders
  An ufetubus (D:4)
  2 adder skeletons (D:4)
  19 orcs
  A ball python (D:1)
  9 bats
  3 endoplasms
  A giant cockroach (D:1)
  6 goblins
  4 hobgoblins
  7 jackals (D:1)
  3 kobolds
  5 quokkas
  2 frilled lizards (D:1)
  4 rats
107 creatures vanquished.

Vanquished Creatures (others)
  10 plants
10 creatures vanquished.

Grand Total: 117 creatures vanquished

Notes
Turn   | Place    | Note
-------+----------+-------------------------------------------
     0 | D:1      | Descartes the Troll Transmuter began the quest for the Orb.
     0 | D:1      | Reached XP level 1. HP: 18/18 MP: 1/1
   124 | D:1      | Found Usimom's Antique Armour Shoppe.
   232 | D:1      | Reached XP level 2. HP: 25/26 MP: 2/2
   338 | D:1      | Reached skill level 4 in Unarmed Combat
   435 | D:1      | Reached XP level 3. HP: 32/32 MP: 3/3
   617 | D:1      | Found a faded altar of an unknown god.
   727 | D:1      | Found Gohat's Distillery.
   731 | D:1      | Bought a potion of curing for 36 gold pieces
  1145 | D:2      | Found a blossoming altar of Fedhas.
  1325 | D:2      | Noticed Natasha
  1340 | D:2      | Killed Natasha
  1341 | D:2      | Reached skill level 5 in Unarmed Combat
  1341 | D:2      | Reached XP level 4. HP: 11/40 MP: 4/4
  1408 | D:2      | Noticed Natasha
  1412 | D:2      | Killed Natasha
  1504 | D:2      | Noticed Natasha
  1509 | D:2      | Killed Natasha
  1729 | D:3      | Reached XP level 5. HP: 42/46 MP: 5/5
  1741 | D:3      | Noticed Terence
  1748 | D:3      | Killed Terence
  1749 | D:3      | Reached skill level 6 in Unarmed Combat
  1817 | D:3      | Learned a level 2 spell: Wereblood
  1998 | D:3      | Learned a level 1 spell: Apportation
  2172 | D:3      | Found an iron altar of Okawaru.
  2383 | D:3      | Noticed Sigmund
  2393 | D:3      | Killed Sigmund
  2394 | D:3      | Reached skill level 1 in Armour
  2394 | D:3      | Reached XP level 6. HP: 54/54 MP: 7/7
  2731 | D:4      | Reached skill level 1 in Evocations
  2814 | D:4      | Found a glowing silver altar of Zin.
  2854 | D:4      | Found a staircase to the Ecumenical Temple.
  2873 | Temple   | Entered the Ecumenical Temple
  3064 | D:4      | Reached XP level 7. HP: 37/61 MP: 8/8
  3131 | D:4      | Found Ikkuodai's Assorted Antiques.
  3145 | D:4      | Bought a bubbling green potion for 24 gold pieces
  3145 | D:4      | Bought a glowing silvery potion for 24 gold pieces
  3145 | D:4      | Bought an amethyst potion for 24 gold pieces
  3145 | D:4      | Bought a scroll labelled LAPNIFF GOSE for 27 gold pieces
  3145 | D:4      | Bought a scroll labelled JIADALOORR for 27 gold pieces
  3463 | D:4      | Found Zaekhuqi's Weapon Boutique.
  3723 | D:4      | Found a hazy altar of Hepliaklqana.
  3766 | D:5      | Entered Level 5 of the Dungeon
  3776 | D:5      | Found a runed translucent gate.
  3777 | D:5      | Found a runed translucent gate.
  3777 | D:5      | Noticed larifari's ghost (amateur KoDe)
  3778 | D:5      | Found a runed translucent gate.
  3778 | D:5      | Identified the +5 hunting sling "Rimonku" {flame, Str+3}
  3874 | D:5      | Identified the +6 spear "Unix" {vorpal, rElec rPois}
  3972 | D:5      | Reached XP level 8. HP: 57/68 MP: 10/10
  4065 | D:5      | Reached skill level 7 in Unarmed Combat
  4166 | D:5      | Found a radiant altar of Vehumet.
  4505 | D:6      | Noticed Maggie
  4519 | D:5      | Killed Maggie
  4627 | D:5      | Killed larifari's ghost
  4802 | D:6      | Noticed Prince Ribbit
  4815 | D:6      | Mangled by an ice beast

Illustrated notes

Levels and vault maps discovered:
D:1:      dpeg_arrival_signposts, layout_basic, serial_bayou,
          serial_bayou_pond_b, serial_bayou_ford_a, serial_bayou_lagoon_b,
          serial_bayou_lake_a, ebering_ecumenical_altar_sacrificial,
          serial_shops, shop, shop, chequers_serial_rivers_large_a
D:2:      layout_basic, basic_altar, uniq_natasha
D:3:      layout_basic, okawaru_altar_gauntlet_db, uniq_terence, uniq_sigmund
D:4:      layout_basic, mainiacjoe_overflow_six_doors_small,
          worldfamousw_hep_ancestral_shrine, minmay_temple_entry_gardened_gates,
          serial_shops, nicolae_shop_overgrown_old_shop, nicolae_shop_crystal
D:5:      layout_rooms, vehumet_altar_wand_db, biasface_ghost_orc_armoury
D:6:      layout_cave_pools, amethyst_overflow_temple_binary,
          gup_sewer_entry_spiral, serial_bayou_pond_d, uniq_maggie,
          uniq_prince_ribbit1, uniq_pikel
Temple:   jpeg_temple_clearing

Skill      XL: |  1  2  3  4  5  6  7  8 |
---------------+-------------------------+-----
Unarmed Combat | 4 5 6 7 |  7.3
Armour         | 1 2 3 |  3.1
Dodging        | 2 3 |  3.8
Transmutations | 2 3 |  3.4
Evocations     | 1 2 |  2.8
Spellcasting   | 2 |  2.9
Fighting       | |  0.7

Action                   |  1- 3 |  4- 6 |  7- 9 || total
-------------------------+-------+-------+-------++-------
Melee: Unarmed           |    99 |   101 |   151 ||   351
       Punch             |     1 |     1 |     1 ||     3
 Cast: Beastly Appendage |       |     1 |       ||     1
  Use: Scroll            |       |       |     7 ||     7
Armor: Robe              |    49 |    39 |    32 ||   120
       Acid dragon scale |       |       |    13 ||    13
Dodge: Dodged            |    50 |    45 |    64 ||   159
